 Dungeon Crawl Stone Soup version 0.24.0-37-gcf1ca852f1 (webtiles) character file.

Game seed: 8162386289474898180, levelgen mode: deterministic

119 Delamore the Chopper (level 5, 0/45 HPs)
             Began as a Hill Orc Fighter on Nov 25, 2019.
             Succumbed to Sigmund's poison
             ... on level 3 of the Dungeon.
             The game lasted 00:01:56 (1464 turns).

Delamore the Chopper (Hill Orc Fighter)             Turns: 1464, Time: 00:01:56

Health: 0/45       AC:  8    Str: 25    XL:     5   Next: 3%
Magic:  5/5        EV:  7    Int:  8    God:
Gold:   59         SH:  9    Dex: 10    Spells: 4/4 levels left

rFire    . . .     SeeInvis .   a - +0 war axe
rCold    . . .     Gourm    .   c - +0 shield
rNeg     . . .     Faith    .   b - +0 scale mail
rPois    .         Spirit   .   m - +0 helmet
rElec    .         Reflect  .   (no cloak)
rCorr    .         Harm     .   (no gloves)
MR       .....                  (no boots)
Stlth    ..........             (no amulet)
HPRegen  0.15/turn              (no ring)
MPRegen  0.09/turn              (no ring)

@: mighty, lethally poisoned (0 -> -20)
A: no striking features
a: no special abilities


You were on level 3 of the Dungeon.
You were not hungry.

You visited 1 branch of the dungeon, and saw 3 of its levels.

You collected 59 gold pieces.

Inventory:

Hand Weapons
 a - a +0 war axe (weapon)
Armour
 b - a +0 scale mail (worn)
 c - a +0 shield (worn)
 m - a +0 helmet (worn)
Scrolls
 e - 2 scrolls of remove curse {unknown}
 h - a scroll of enchant weapon {unknown}
 n - a scroll of identify {unknown}
Potions
 g - a potion of lignification {unknown}
 i - a potion of resistance {unknown}
 j - a potion of flight {unknown}
 l - a potion of cancellation {unknown}
Comestibles
 f - 3 rations
 k - 4 chunks of flesh


   Skills:
 - Level 3.6 Fighting
 + Level 6.7 Axes
 - Level 3.2 Armour
 - Level 3.2 Shields


You had 4 spell levels left.
You didn't know any spells.
Your spell library was empty.

Dungeon Overview and Level Annotations

Branches:
Dungeon (3/15)

Altars:
Ru

Annotations:
D:3 Sigmund


Message History

Your shield prevents you from hitting something.
You hit the kobold but do no damage.
You feel sick. The kobold hits you.
You miss something. You slash the kobold!
You kill the kobold!
You feel sick.
You hear some strange, mumbled words.
A puff of flame appears from out of thin air!
The puff of flame hits you.
* * * LOW HITPOINT WARNING * * *
You hear some strange, mumbled words.
A magic dart appears from out of thin air!
The magic dart hits you.
* * * LOW HITPOINT WARNING * * *
You feel very mighty all of a sudden.
* * * LOW HITPOINT WARNING * * *
You feel sick. Something hits you.
* * * LOW HITPOINT WARNING * * *
You are more poisoned.
You closely miss something.
You die...

.. .# .## ..#
.. .. ##.#
#...
..#.###..#...#
#.....{@...#
##...##.####
[.. #.# . #.#
... ..# ....
#... ....


There were no monsters in sight!

Vanquished Creatures
  Robin (D:2)
  4 adders (D:2)
  An adder zombie (D:2)
  A worm (D:2)
  A dart slug (D:1)
  A leopard gecko (D:1)
  2 ball pythons
  3 giant cockroaches
  15 goblins
  9 hobgoblins
  A quokka (D:2)
  10 bats
  3 frilled lizards
  2 kobolds
  8 rats
62 creatures vanquished.

Notes
Turn   | Place    | Note
-------+----------+-------------------------------------------
     0 | D:1      | Delamore the Hill Orc Fighter began the quest for the Orb.
     0 | D:1      | Reached XP level 1. HP: 19/19 MP: 1/1
    27 | D:1      | Reached skill level 3 in Axes
    73 | D:1      | Reached XP level 2. HP: 15/26 MP: 2/2
   211 | D:1      | Reached skill level 4 in Axes
   422 | D:1      | Reached XP level 3. HP: 29/31 MP: 3/3
   665 | D:2      | Reached skill level 5 in Axes
   692 | D:2      | Noticed Robin
   703 | D:2      | Killed Robin
   703 | D:2      | Reached XP level 4. HP: 20/39 MP: 4/4
   960 | D:2      | Found a sacrificial altar of Ru.
   984 | D:2      | Reached skill level 6 in Axes
  1300 | D:2      | Reached XP level 5. HP: 35/45 MP: 5/5
  1445 | D:3      | Noticed Sigmund
  1463 | D:3      | HP: 2/45 [something (4)]
  1464 | D:3      | Succumbed to Sigmund's poison

Levels and vault maps discovered:
D:1:      co_arrival_square_in_a_square_in_a_square, layout_basic,
          grunt_decor_resistance
D:2:      layout_rooms, nicolae_ru_awakened_eye, uniq_robin
D:3:      layout_rooms, fiery_altar_vehumet, first_ration,
          lemuel_blue_sif_altar, uniq_sigmund, uniq_terence

Skill      XL: |  1  2  3  4 |
---------------+-------------+-----
Axes           | 3 4 5 6 |  6.7
Fighting       | |  3.6
Armour         | |  3.2
Shields        | |  3.2

Action                   |  1- 3 |  4- 6 || total
-------------------------+-------+-------++-------
Melee: War axe           |    87 |    61 ||   148
  Use: Potion            |       |     1 ||     1
  Eat: Chunk             |       |     2 ||     2
Armor: Scale mail        |    39 |    32 ||    71
Dodge: Dodged            |    35 |    20 ||    55
Block: Shield            |    49 |    39 ||    88
